 Dungeon Crawl Stone Soup version 0.28-a0-1510-gd0f6b136d3 (webtiles) character file.

Game seed: 2747051144926663400

111 kae the Insei (level 4, 0/33 HPs)
             Began as a Demonspawn Transmuter on Jan 14, 2022.
             Succumbed to an adder's poison
             ... on level 2 of the Dungeon.
             The game lasted 00:01:08 (2281 turns).

kae the Insei (Demonspawn Transmuter)               Turns: 2281, Time: 00:01:08

Health: 0/33       AC:  2    Str: 10    XL:     4   Next: 62%
Magic:  7/7        EV: 12    Int: 17    God:
Gold:   48         SH:  0    Dex: 15    Spells: 3/7 levels left

rFire   . . .      SeeInvis .     - Unarmed
rCold   . . .      Faith    .   (no shield)
rNeg    . . .      Spirit   .   a - +0 robe
rPois   .          Reflect  .   (helmet currently unavailable)
rElec   .          Harm     .   (no cloak)
rCorr   .          Rampage  .   (no gloves)
Will    .....                   (boots currently unavailable)
Stlth   ++........              (no amulet)
HPRegen 0.11/turn               (no ring)
MPRegen 0.10/turn               (no ring)

@: lethally poisoned (0 -> -1), appendages (expiring)
A: horns 2, talons 2, claws 1, thin skeletal structure 1, powered by death 1
a: End Transformation


You were on level 2 of the Dungeon.
You had temporarily grown beastly horns and talons.
You visited 1 branch of the dungeon, and saw 2 of its levels.

You collected 48 gold pieces.

Inventory:

Armour
 a - a +0 robe (worn)
Jewellery
 b - an amulet of reflection
Scrolls
 c - a scroll of teleportation
 d - a scroll of amnesia {unknown}


   Skills:
 + Level 1.8 Fighting
 + Level 2.2 Dodging
 * Level 3.4 Unarmed Combat
 + Level 2.3 Spellcasting
 * Level 2.7 Transmutations
 * Level 1.2 Poison Magic


You had 3 spell levels left.
You knew the following spells:

 Your Spells              Type           Power      Damage    Failure   Level
a - Beastly Appendage     Tmut           22%        N/A       6%          1
b - Spider Form           Tmut/Pois      8%         N/A       26%         3

Your spell library contained the following spells:

 Spells                   Type           Power      Damage    Failure   Level
 Wereblood                Tmut           11%        N/A       10%         2
 Tukima's Dance           Hex            2%         N/A       50%         3
 Ice Form                 Ice/Tmut       6%         N/A       71%         4
 Anguish                  Hex/Necr       1%         N/A       88%         4
 Enfeeble                 Hex            1%         N/A       100%        7


Dungeon Overview and Level Annotations

Branches:
Dungeon (2/15)

Altars:


Innate Abilities, Weirdness & Mutations

You have temporarily grown beastly horns and talons.
You have sharp fingernails.
You have a somewhat thin skeletal structure. (Dex +2, Stealth+)
You regenerate a little health from kills.


Message History

The goblin hits you with a +0 dagger.
You are too injured to fight recklessly!
You are too injured to fight recklessly!
You are too injured to fight recklessly!
There are monsters nearby!
You are too injured to fight recklessly!
You are too injured to fight recklessly!
You barely miss the adder. Your kick misses the adder.
Your headbutt misses the adder. The adder closely misses you.
You closely miss the adder. Your kick misses the adder.
Your transformation is almost over.
The goblin closely misses you. The adder bites you.
You claw the adder! Your headbutt misses the adder.
The adder is severely wounded.
The adder bites you but does no damage. The goblin hits you with a +0 dagger.
The adder completely misses you.
You miss the adder.
The adder is severely wounded.
The goblin hits you with a +0 dagger.
* * * LOW HITPOINT WARNING * * *
The adder barely misses you.
You closely miss the adder. You headbutt the adder.
The adder is almost dead.
The goblin barely misses you. The adder bites you.
* * * LOW HITPOINT WARNING * * *
You are poisoned.
The adder poisons you!
You miss the adder. You claw the adder.
You kill the adder!
You feel sick. The goblin hits you with a +0 dagger.
* * * LOW HITPOINT WARNING * * *
You aren't carrying any potions.
* * * LOW HITPOINT WARNING * * *
You feel sick.
* * * LOW HITPOINT WARNING * * *
You feel sick.
* * * LOW HITPOINT WARNING * * *
You feel sick.
There is a large open door here.
You die...

#.# #.# #.# #.###
....# #.#.####
.......# #......###
#######
..#....†.#####..@..#
#..............##''##
#........#######≈g.≈##
#.##...### #≈≈†.≈≈# ..
#...# #≈≈♣♣.♣≈≈# ##
##.## #≈.♣.♣..≈# #.#
#≈..♣ ♣.≈# #. #≈≈♣ ≈≈#
#. ##≈ ##


You could see a goblin.

Vanquished Creatures
  2 orc wizards (D:2)
  An adder (D:2)
  A gnoll (D:1)
  A worm (D:2)
  2 dart slugs
  2 orcs (D:2)
  6 ball pythons (D:1)
  3 endoplasms (D:1)
  4 giant cockroaches
  2 goblins (D:1)
  2 hobgoblins (D:1)
  4 kobolds (D:1)
  A quokka (D:2)
  4 bats
  2 frilled lizards (D:1)
  3 rats (D:1)
40 creatures vanquished.

Notes
Turn   | Place    | Note
-------+----------+-------------------------------------------
     0 | D:1      | kae the Demonspawn Transmuter began the quest for the Orb.
     0 | D:1      | Reached XP level 1. HP: 15/15 MP: 3/3
   126 | D:1      | Gained mutation: You regenerate a little health from kills.
                  | [demonic ancestry]
   126 | D:1      | Reached XP level 2. HP: 17/21 MP: 3/5
   229 | D:1      | Reached skill level 3 in Unarmed Combat
   841 | D:1      | Gained mutation: You have a somewhat thin skeletal
                  | structure. (Dex +2, Stealth+) [demonic ancestry]
   841 | D:1      | Reached XP level 3. HP: 26/26 MP: 4/6
   845 | D:1      | Learned a level 3 spell: Spider Form
  1399 | D:1      | Found a faded altar of an unknown god.
  2048 | D:1      | Found a faded altar of an unknown god.
  2140 | D:2      | Reached skill level 1 in Poison Magic
  2140 | D:2      | Gained mutation: You have sharp fingernails. [demonic
                  | ancestry]
  2140 | D:2      | Reached XP level 4. HP: 17/32 MP: 7/7
  2280 | D:2      | HP: 1/33 [poisoned by an adder]
  2281 | D:2      | Succumbed to an adder's poison

Illustrated notes

Levels and vault maps discovered:
D:1:      lightli_arrival_noodles, layout_basic,
          hellmonk_ecumenical_altar_leap_of_faith, corexii_leaking_fountain
D:2:      layout_loops_ring, serial_shops, nicolae_square_shop,
          kennysheep_generic_room_3

Skill      XL: |  1  2  3 |
---------------+----------+-----
Transmutations | 2 |  2.7
Unarmed Combat | 3 |  3.4
Dodging        | 2 |  2.2
Poison Magic   | 1 |  1.2
Fighting       | |  1.8
Spellcasting   | |  2.3

Action                   |  1- 3 |  4- 6 || total
-------------------------+-------+-------++-------
Melee: Unarmed           |    95 |    27 ||   122
       Kick              |    12 |     6 ||    18
       Headbutt          |     8 |     3 ||    11
       Punch             |       |     1 ||     1
 Cast: Beastly Appendage |    17 |     4 ||    21
       Spider Form       |     2 |       ||     2
  Use: Potion            |     3 |       ||     3
       Scroll            |     2 |       ||     2
 Stab: Sleeping          |     1 |     1 ||     2
Armor: Robe              |    24 |     4 ||    28
       Skin              |     1 |       ||     1
Dodge: Dodged            |    72 |    17 ||    89

Table legend: (Time is in decaauts)
 A = Elapsed time spent in this place.
 B = Non-inter-level travel time spent in this place.
 C = Inter-level travel time spent in this place.
 D = Time resting spent in this place.
 E = Time spent auto-exploring this place.
 F = Levels seen in this place.
 G = Mean time per level.
                   A        B        C        D        E       F      G
               +--------+--------+--------+--------+--------+-----+--------+
         Total |   2257 |   2211 |     46 |    183 |   1723 |   2 | 1128.5 |
       Dungeon |   2257 |   2211 |     46 |    183 |   1723 |   2 | 1128.5 |
               +--------+--------+--------+--------+--------+-----+--------+

Top non-repeatable levels by time:
     D:1: 2095 daAuts
     D:2: 162 daAuts
